 Dungeon Crawl Stone Soup version 0.26.1-10-gdfb7c7de75 (webtiles) character file.

Game seed: 10480104366406220253

4980 MyelinatedAxon the Frost Mage (level 10, -15/66 (70) HPs)
             Began as a Demonspawn Ice Elementalist on Apr 8, 2021.
             Was a Priest of Vehumet.
             Killed from afar by Josephine (41 damage)
             ... with a ghostly fireball
             ... on level 10 of the Dungeon on Apr 9, 2021.
             The game lasted 00:23:14 (10658 turns).

MyelinatedAxon the Frost Mage (DsIE)               Turns: 10658, Time: 00:23:15

HP:   -15/66 (70)   AC:  6    Str:  9    XL:     10   Next: 29%
MP:   3/31          EV: 14    Int: 19    God:    Vehumet [***...]
Gold: 313           SH:  7    Dex: 14    Spells: 5/25 levels left

rFire    x . .     SeeInvis .   s - +0 long sword of Liyriopt {flame, MP+9} (curse)
rCold    + . .     Faith    .   n - +2 buckler
rNeg     . . .     Spirit   .   a - +0 robe
rPois    .         Reflect  .   (helmet restricted)
rElec    .         Harm     .   (no cloak)
rCorr    .         Rampage  .   h - +1 pair of gloves
Will     +....                  (no boots)
Stlth    ++........             (no amulet)
HPRegen  0.21/turn              j - ring of ice
MPRegen  0.22/turn              z - ring of willpower

@: frozen ramparts, studying Crossbows, drained
A: antennae 1, iridescent scales 1, foul stench 2, miasma immunity
a: Renounce Religion


You were on level 10 of the Dungeon.
You worshipped Vehumet.
Vehumet was most pleased with you.
You visited 2 branches of the dungeon, and saw 11 of its levels.

You collected 598 gold pieces.
You spent 285 gold pieces at shops.

Inventory:

Hand Weapons
 o - a +0 rapier of freezing
 s - the cursed +0 long sword of Liyriopt (weapon) {flame, MP+9}
   (You bought it in a shop on level 7 of the Dungeon)

   It has been specially enchanted to burn those struck by it, causing extra
   injury to most foes and up to half again as much damage against particularly
   susceptible opponents.
   Big, fiery blades are also staple armaments of hydra-hunters.
   It affects your magic capacity (+9).
   It has a curse placed upon it.
 v - a +2 quarterstaff of draining
Missiles
 l - 24 poisoned darts
Armour
 a - a +0 robe (worn)
 h - a +1 pair of gloves (worn)
 n - a +2 buckler (worn)
Jewellery
 j - a ring of ice (left hand)
 z - a ring of willpower (right hand)
Wands
 c - a wand of random effects (18)
 e - a wand of polymorph (7)
 w - a wand of enslavement (17)
 C - a wand of disintegration (9)
Scrolls
 b - 4 scrolls of teleportation
 f - 3 scrolls of fear
 k - 3 scrolls of remove curse
 q - 3 scrolls of enchant weapon
 r - 5 scrolls of magic mapping
 x - 5 scrolls of identify
 y - a scroll of blinking
 A - a scroll of enchant armour
Potions
 d - 2 potions of haste
 g - 2 potions of flight
 i - 8 potions of curing
 p - 3 potions of magic
 t - a potion of invisibility
 u - 2 potions of heal wounds
 B - a potion of resistance {unknown}
 D - a potion of brilliance {unknown}
Books
 m - a manual of Crossbows


   Skills:
 + Level 3.3 Fighting
 + Level 1.9(2.6) Short Blades
 + Level 2.7(3.0) Long Blades
 + Level 0.2 Throwing
 + Level 2.8 Armour
 + Level 4.4 Dodging
 + Level 3.1 Stealth
 - Level 4.4 Shields
 * Level 8.1 Spellcasting
 + Level 3.3 Conjurations
 + Level 0.9 Summonings
 + Level 2.7 Fire Magic
 * Level 8.6 Ice Magic
 + Level 2.5 Air Magic
 + Level 2.5 Earth Magic


You had 5 spell levels left.
You knew the following spells:

 Your Spells              Type           Power        Failure   Level
a - Freeze                Ice            100%         1%          1
b - Frozen Ramparts       Ice            100%         1%          3
c - Ozocubu's Armour      Ice            57%          1%          3
d - Hailstorm             Conj/Ice       45%          2%          4
e - Summon Ice Beast      Ice/Summ       38%          13%         4
f - Searing Ray           Conj           40%          1%          2
g - Stone Arrow           Conj/Erth      38%          2%          3

Your spell library contained the following spells:

 Spells                   Type           Power        Failure   Level


Dungeon Overview and Level Annotations

Branches:
Dungeon (10/15)            Temple (1/1) D:4
   Lair: D:8-11         Orc: D:9-12

Altars:
Ashenzari
Cheibriados
Dithmenos
Elyvilon
Fedhas
Gozag
Kikubaaqudgha
Makhleb
Nemelex Xobeh
Okawaru
Ru
Sif Muna
Trog
Uskayaw
Vehumet
Wu Jian
Xom
Yredelemnul
Zin
The Shining One

Shops:
D:7 (   D:10 :

Annotations:
D:10 Josephine


Innate Abilities, Weirdness & Mutations

You have a pair of small antennae on your head.
You are partially covered in iridescent scales. (AC +2)
You frequently emit foul miasma when damaged in melee.
You are immune to miasma.


Message History

Josephine is moderately wounded.
Your ice beast barely misses Josephine.
Your ice beast hits Josephine but does no damage.
Josephine hits you with a +0 dagger.
Your ice beast hits Josephine.
Your ice beast freezes Josephine!
Unknown command.
You closely miss Josephine.
Josephine is heavily wounded.
Your ice beast hits Josephine.
Your ice beast freezes Josephine!
Your ice beast hits Josephine but does no damage.
Josephine gestures at your ice beast while chanting.
The ghostly flame explodes!
The ghostly fireball engulfs your ice beast!!
Your ice beast is drained!
The ghostly fireball engulfs your ice beast!
Your ice beast is drained!
The ghostly fireball engulfs Josephine.
Josephine completely resists.
The ghostly fireball engulfs you!!!
You feel drained.
Ouch! That really hurt!
You die...

#############
.............
.............#
.............#
.............#
.∩...........########
....................:
............Y.)......
....G.......@@######
...........YY÷#
..............#
..............#
.........5....#
..............#
..............#
..............#
.............?#


You could see Josephine (sick), a white imp and 3 friendly ice beasts.

Vanquished Creatures
  A two-headed ogre (D:9)
  A centaur skeleton (D:10)
  A troll (D:9)
  A wraith (D:9)
  2 sky beasts
  2 orc warriors
  2 ice beasts
  An eye of draining (D:9)
  A phantom (D:8)
  An ogre (D:7)
  3 centaurs
  3 bullfrogs
  2 wyvern zombies (D:9)
  2 big kobolds (D:9)
  A water moccasin zombie (D:5)
  A scorpion (D:8)
  7 howler monkeys
  A bullfrog zombie (D:7)
  A centaur zombie (D:9)
  2 hounds
  2 quasits (D:9)
  3 jellies
  6 orc wizards
  7 orc priests
  2 bullfrog skeletons (D:10)
  An iguana (D:9)
  Natasha (thrice) (D:3)
  6 worker ants
  2 hound zombies
  2 worker ant zombies
  7 gnolls
  8 adders
  A white imp (D:6)
  An ufetubus (D:8)
  3 oozes
  4 adder skeletons
  6 worms
  2 dart slugs
  A leopard gecko (D:5)
  15 orcs
  A ball python (D:4)
  4 giant cockroaches
  7 goblins
  5 hobgoblins
  10 jackals
  13 kobolds
  6 quokkas
  7 bats
  5 frilled lizards
  A jackal skeleton (D:5)
  A jackal zombie (D:7)
  A leopard gecko skeleton (D:6)
  8 rats
187 creatures vanquished.

Vanquished Creatures (collateral kills)
  Joseph (D:9)
  An ice beast (D:5)
  A centaur (D:9)
  A centaur zombie (D:6)
  A hound (D:9)
5 creatures vanquished.

Vanquished Creatures (others)
  A quokka (D:10)
  2 kobolds (D:10)
  A plant (D:9)
4 creatures vanquished.

Grand Total: 196 creatures vanquished

Notes
Turn   | Place    | Note
-------+----------+-------------------------------------------
     0 | D:1      | MyelinatedAxon the Demonspawn Ice Elementalist began the
                  | quest for the Orb.
     0 | D:1      | Reached XP level 1. HP: 13/13 MP: 3/3
   372 | D:1      | Gained mutation: You are immune to miasma. [demonic
                  | ancestry]
   372 | D:1      | Reached XP level 2. HP: 19/19 MP: 0/5
   965 | D:1      | Gained mutation: You are partially covered in iridescent
                  | scales. (AC +2) [demonic ancestry]
   965 | D:1      | Reached XP level 3. HP: 24/24 MP: 2/6
   971 | D:1      | Learned a level 3 spell: Frozen Ramparts
  1161 | D:2      | Found Zin's Purification Station.
  1161 | D:2      | Found a glowing silver altar of Zin.
  1214 | D:2      | Reached XP level 4. HP: 21/30 MP: 3/8
  1940 | D:2      | Learned a level 3 spell: Ozocubu's Armour
  2250 | D:2      | Bought a potion of curing for 90 gold pieces
  2641 | D:3      | Noticed Natasha
  2648 | D:3      | Killed Natasha
  2839 | D:3      | Found a faded altar of an unknown god.
  2853 | D:3      | Gained mutation: You have a pair of small antennae on your
                  | head. [demonic ancestry]
  2853 | D:3      | Reached XP level 5. HP: 35/35 MP: 8/10
  3019 | D:3      | Reached skill level 5 in Spellcasting
  3019 | D:3      | Gained mutation: You may emit foul miasma when damaged in
                  | melee. [demonic ancestry]
  3019 | D:3      | Reached XP level 6. HP: 46/46 MP: 11/14
  3037 | D:3      | Learned a level 4 spell: Hailstorm
  3042 | D:3      | Learned a level 4 spell: Summon Ice Beast
  3153 | D:3      | Noticed Natasha
  3164 | D:3      | Killed Natasha
  3404 | D:3      | Noticed Natasha
  3410 | D:3      | Killed Natasha
  3660 | D:4      | Found a sparkling altar of Nemelex Xobeh.
  3662 | D:4      | Found an ancient bone altar of Kikubaaqudgha.
  3779 | D:4      | Found an opulent altar of Gozag.
  3851 | D:4      | Found a staircase to the Ecumenical Temple.
  3860 | Temple   | Entered the Ecumenical Temple
  3996 | Temple   | Became a worshipper of Vehumet
  4049 | D:4      | Gained mutation: You frequently emit foul miasma when
                  | damaged in melee. [demonic ancestry]
  4049 | D:4      | Reached XP level 7. HP: 51/51 MP: 11/15
  4265 | D:4      | Found a basalt altar of Yredelemnul.
  4581 | D:5      | Entered Level 5 of the Dungeon
  5370 | D:5      | Reached * piety under Vehumet
  5370 | D:5      | Offered knowledge of Sandblast by Vehumet.
  5999 | D:5      | Found a snail-covered altar of Cheibriados.
  5999 | D:5      | Found an iron altar of Okawaru.
  6024 | D:6      | Reached skill level 1 in Short Blades
  6112 | D:6      | Reached XP level 8. HP: 41/58 MP: 11/17
  6427 | D:6      | Noticed a nameless horror
  6579 | D:5      | Offered knowledge of Searing Ray by Vehumet.
  6581 | D:5      | Reached ** piety under Vehumet
  6839 | D:5      | Learned a level 2 spell: Searing Ray
  7696 | D:7      | Found Tienell's Antique Weapon Emporium.
  7705 | D:7      | Bought a slimy long sword for 195 gold pieces
  7705 | D:7      | Identified the cursed +0 long sword of Liyriopt {flame,
                  | MP+9} (You bought it in a shop on level 7 of the Dungeon)
  7998 | D:7      | Found a white marble altar of Elyvilon.
  8109 | D:7      | Found a bloodstained altar of Trog.
  8420 | D:8      | Reached XP level 9. HP: 56/63 MP: 19/19
  8687 | D:8      | Found a sacrificial altar of Ru.
  8692 | D:8      | Found a hide-covered altar of Uskayaw.
  8978 | D:9      | Offered knowledge of Ignite Poison by Vehumet.
  9300 | D:9      | Noticed a two-headed ogre
  9307 | D:9      | Killed a two-headed ogre
  9308 | D:9      | Reached skill level 1 in Long Blades
  9324 | D:9      | Noticed Joseph
  9331 | D:9      | Killed Joseph
  9356 | D:9      | Reached *** piety under Vehumet
  9760 | D:9      | Noticed a troll
  9768 | D:9      | Killed a troll
  9769 | D:9      | Reached XP level 10. HP: 52/70 MP: 21/21
 10093 | D:10     | Entered Level 10 of the Dungeon
 10243 | D:10     | Found Balal's Book Boutique.
 10260 | D:9      | Offered knowledge of Stone Arrow by Vehumet.
 10326 | D:9      | Learned a level 3 spell: Stone Arrow
 10327 | D:10     | Noticed Josephine
 10658 | D:10     | Killed from afar by Josephine

Illustrated notes

Levels and vault maps discovered:
D:1:      dpeg_arrival_refuge, layout_basic
D:2:      layout_loops_ring, zin_purify
D:3:      layout_loops_cross, chequers_ecumenical_altar_simple, uniq_natasha
D:4:      layout_basic, nicolae_gozag_cash_rules_everything_around_me,
          grunt_temple_overflow_open, yredelemnul_altar_generic,
          minmay_temple_entry_antechambers, minmay_manual_mares
D:5:      layout_loops_ring, gammafunk_temple_overflow_statue
D:6:      layout_rooms, grunt_qazlal_clouds
D:7:      layout_loops_ring, old_standard_altar, nicolae_overflow_hidden_temple,
          serial_shops, shop, minmay_misc_feat_square
D:8:      layout_rooms, amethyst_overflow_temple_binary, serial_glass,
          glass_columns_a, glass_columns_c, glass_columns_a, glass_columns_a,
          glass_columns_c, glass_columns_a, item_on_display_a,
          due_unseen_surprise, feat_on_display
D:9:      layout_loops_ring, serial_bayou_pond_e, uniq_joseph
D:10:     layout_long_grid, kennysheep_orc_monster_closet_entryway,
          serial_shops, shop, uniq_josephine
Temple:   nicolae_temple_figure_zero

Skill      XL: |  1  2  3  4  5  6  7  8  9 10 |
---------------+-------------------------------+-----
Ice Magic      | 4 6 7 8 |  8.6
Stealth        | 2 3 |  3.1
Spellcasting   | 3 5 6 7 8 |  8.1
Fighting       | 2 3 |  3.3
Armour         | 2 |  2.8
Dodging        | 3 4 |  4.4
Shields        | 4 |  4.4
Conjurations   | 3 |  3.3
Fire Magic     | 2 |  2.7
Air Magic      | 2 |  2.5
Earth Magic    | 2 |  2.5
Short Blades   | 1 |  1.9
Long Blades    | 2 |  2.7
Throwing       | |  0.2
Summonings     | |  0.9

Action                   |  1- 3 |  4- 6 |  7- 9 | 10-12 || total
-------------------------+-------+-------+-------+-------++-------
Melee: Unarmed           |     1 |       |       |       ||     1
       Short sword       |    16 |    35 |       |       ||    51
       Rapier            |       |     7 |   173 |       ||   180
       Long sword        |       |       |    64 |    40 ||   104
       Quarterstaff      |       |       |     5 |       ||     5
Throw: Dart              |       |     2 |     9 |       ||    11
 Cast: Freeze            |    28 |    40 |    38 |     2 ||   108
       Frozen Ramparts   |     2 |     7 |    37 |     5 ||    51
       Hailstorm         |       |     2 |     7 |       ||     9
       Summon Ice Beast  |       |       |     6 |     4 ||    10
       Ozocubu's Armour  |       |       |     3 |       ||     3
       Searing Ray       |       |       |    16 |     3 ||    19
       Stone Arrow       |       |       |       |     6 ||     6
  Use: Scroll            |       |    13 |    11 |       ||    24
       Potion            |       |     1 |     1 |     1 ||     3
 Stab: Sleeping          |     2 |     2 |     2 |       ||     6
       Distracted        |       |       |     2 |       ||     2
Armor: Robe              |    15 |    30 |    72 |    23 ||   140
Dodge: Dodged            |    24 |    34 |   181 |    55 ||   294
Block: Buckler           |       |    13 |   118 |    31 ||   162
       Rpst.: Long sword |       |       |    17 |    21 ||    38
